 Dungeon Crawl Stone Soup version 0.14-a0-1444-g21dc12d (webtiles) character file.

152 PolkaDot the Sneak (level 4, 0/51 HPs)
             Began as a Vampire Assassin on Dec 13, 2013.
             Slain by an orc
             ... wielding a +1,+1 orcish trident
              (7 damage)
             ... on Level 3 of the Dungeon.
             The game lasted 00:07:13 (1543 turns).

PolkaDot the Sneak (Vampire Assassin)               Turns: 1543, Time: 00:07:13

HP   0/51        AC 22     Str 10      XL: 4   Next: 63%
MP   4/4         EV  1     Int 13      God:
Gold 40          SH  0     Dex 16      Spells:  0 memorised,  3 levels left

rFire  x . .     SeeInvis +     l - +0 blowgun
rCold  + . .     Clarity  .     c - melded +0 robe
rNeg   + + +     Conserve .     (no shield)
rPois  +         rCorr    .     (no helmet)
rElec  .         rRot     .     d - melded +0 cloak
SustAb . .       Spirit   .     (gloves currently unavailable)
rMut   .         Warding  .     (boots currently unavailable)
Saprov . . .     NoTele   +     (no amulet)
                                t - ring of ice
                                s - ring of poison resistance

@: tree-form (expiring), slightly resistant to hostile enchantments, extremely
stealthy
A: (fangs 0), see invisible, (unbreathing)
a: Bat Form


You were on level 3 of the Dungeon.
You were not thirsty.
You were an animated tree.
You visited 1 branch of the dungeon, and saw 3 of its levels.

You collected 40 gold pieces.

Inventory:

Hand weapons
 a - a +2,+2 dagger
 b - a +1,+0 elven short sword
 l - a +0 blowgun (weapon)
 n - a +0,+1 dagger of holy wrath
Missiles
 e - 5 poisoned needles (quivered)
 f - 2 curare-tipped needles
Armour
 c - a +0 robe (melded)
 d - a +0 cloak (melded)
Scrolls
 g - 6 scrolls of identify {unknown}
 h - 3 scrolls of teleportation {unknown}
 i - a scroll of fog {unknown}
 p - a scroll of curse weapon {unknown}
 r - a scroll of immolation {unknown}
 u - a scroll of amnesia {unknown}
Jewellery
 s - a ring of poison resistance (left branch)
 t - a ring of ice (right branch)
Potions
 j - a potion of lignification
 k - a potion of brilliance {unknown}
 m - a potion of flight {unknown}
 o - 3 potions of restore abilities {unknown}
 q - 2 potions of curing {unknown}


   Skills:
 - Level 2.5 Fighting
 * Level 3.8 Short Blades
 - Level 1.5 Throwing
 + Level 1.3 Dodging
 + Level 7.1 Stealth


You had 3 spell levels left.
You didn't know any spells.

Dungeon Overview and Level Annotations

Branches:
Dungeon (3/16)

Altars:
Xom
Zin
the Shining One


Innate Abilities, Weirdness & Mutations

((You have razor-sharp teeth.))*
You have supernaturally acute eyesight.
((You can survive without breathing.))*


Message History

l - a +0 blowgun (weapon)
The orc hits you but does no damage.
Firing (i - inventory. (,) - cycle):
e - 8 poisoned needles (quivered)
Press: ? - help, Shift-Dir - straight line, f/p - orc
Aim: an orc, wielding an orcish trident You shoot a poisoned needle.
Firing (i - inventory. (,) - cycle):
e - 7 poisoned needles (quivered)
Press: ? - help, Shift-Dir - straight line, f/p - orc
Aim: an orc, wielding an orcish trident You shoot a poisoned needle.
The orc hits you but does no damage.
Firing (i - inventory. (,) - cycle):
e - 6 poisoned needles (quivered)
Press: ? - help, Shift-Dir - straight line, f/p - orc
Aim: an orc, wielding an orcish trident You shoot a poisoned needle.
The orc hits you but does no damage.
You feel less confused. The orc hits you but does no damage.
Your transformation is almost over.
The orc hits you but does no damage.
The orc hits you from afar with an orcish trident!
You die...

### ..# #.#
.######.#######
.......?.........
#o# #<# #♣# #.#
#.# #.# #.# ..#
###


You could see an orc.

Vanquished Creatures
  An orc wizard (D:3)
  3 adders (D:2)
  2 giant geckos
  2 orcs (D:3)
  A ball python (D:1)
  2 bats (D:1)
  A giant cockroach (D:1)
  6 goblins
  4 hobgoblins (D:1)
  13 jackals
  6 kobolds
  2 giant newts
  10 rats
53 creatures vanquished.

Notes
Turn   | Place    | Note
--------------------------------------------------------------
     0 | D:1      | PolkaDot, the Vampire Assassin, began the quest for the Orb.
     0 | D:1      | Reached XP level 1. HP: 16/16 MP: 1/1
    21 | D:1      | Reached skill level 6 in Stealth
   115 | D:1      | Reached XP level 2. HP: 8/22 MP: 2/2
   788 | D:1      | Reached XP level 3. HP: 23/27 MP: 3/3
  1093 | D:2      | Found a glowing golden altar of the Shining One.
  1157 | D:2      | Found a glowing silver altar of Zin.
  1169 | D:2      | Noticed an angel
  1169 | D:2      | Found a shimmering altar of Xom.
  1361 | D:2      | Reached XP level 4. HP: 13/34 MP: 4/4
  1534 | D:3      | Reached skill level 7 in Stealth
  1543 | D:3      | Slain by an orc

Action                   |  1- 3 |  4- 6 || total
-------------------------+-------+-------++-------
Melee: Dagger            |   119 |       ||   119
       Short sword       |    40 |    30 ||    70
 Fire: Blowgun           |       |     3 ||     3
  Use: Potion            |     1 |     1 ||     2
 Stab: Sleeping          |     9 |       ||     9
       Distracted        |     1 |       ||     1
